 Dungeon Crawl Stone Soup version 0.29.1-15-g9cfb28693d (webtiles) character file.

Game seed: 16054386054485794461

56 leafyfresh the Sneak (level 3, -1/26 HPs)
             Began as an Octopode Delver on Mar 14, 2023.
             Slain by a black bear (4 damage)
             ... on level 5 of the Dungeon.
             The game lasted 00:00:42 (72 turns).

leafyfresh the Sneak (Octopode Delver)                Turns: 72, Time: 00:00:43

Health: -1/26      AC:  1    Str: 11    XL:     3   Next: 97%
Magic:  3/3        EV: 13    Int: 14    God:
Gold:   9          SH:  0    Dex: 13    Spells: 2/2 levels left

rFire   . . .      SeeInvis .   a - +0 short sword
rCold   + . .      Faith    .   (no shield)
rNeg    . . .      Spirit   .   (helmet restricted)
rPois   .          Reflect  .   (no amulet)
rElec   .          Harm     .   g - ring of protection from cold
rCorr   .          Rampage  .   (no ring)
Will    .....                   (no ring)
Stlth   ++++......              (no ring)
HPRegen 0.08/turn               (no ring)
MPRegen 0.08/turn               (no ring)
                                (no ring)
                                (no ring)

@: lethally poisoned (-1 -> -6)
A: almost no armour, amphibious, 8 rings, camouflage 1, gelatinous body 1,
(nimble swimmer 1), tentacles
a: no special abilities


You were on level 5 of the Dungeon.
You visited 1 branch of the dungeon, and saw 1 of its levels.

You collected 9 gold pieces.

Inventory:

Hand Weapons
 a - a +0 short sword (weapon)
Jewellery
 g - a ring of protection from cold (left tentacle)
Wands
 f - a wand of digging (3)
Scrolls
 b - a scroll of fog
 c - a scroll of magic mapping
 d - a scroll of fear
Potions
 e - a potion of haste


   Skills:
 + Level 3.4 Fighting
 + Level 2.6 Short Blades
 + Level 2.6 Dodging
 + Level 7.1 Stealth


You had 2 spell levels left.
You didn't know any spells.
Your spell library was empty.

Dungeon Overview and Level Annotations

Branches:
Dungeon (5/15)
 Temple: D:4-7

Altars:

Shops:
D:5 *


Innate Abilities, Weirdness & Mutations

You cannot wear most types of armour.
You are amphibious.
You can wear up to eight rings at the same time.
Your skin changes colour to match your surroundings (Stealth+).
Your rubbery body absorbs attacks. (AC +1, EV +1)
((You are camouflaged when in or above water. (Stealth+)))
You have tentacles for arms and can constrict up to eight enemies at once.


Message History

Unknown command.
Unknown command.
Unknown command.
Found 8 stones.
An orc comes into view. It is wielding a +0 mace.
An orc comes into view. It is wielding a +0 whip.
Found a brown potion.
An orc wizard comes into view. It is wielding a +0 dagger.
A hound comes into view.
The black bear growls angrily.
The hound barks!
The adder hisses angrily.
The orc shouts!
An orc comes into view. It is wielding a +0 short sword.
You completely miss the adder. Your grab misses the adder.
The adder misses you. The orc closely misses you.
The adder attacks as you move away! The adder bites you.
You are poisoned.
The adder poisons you!
You feel sick. The adder bites you but does no damage.
The adder attacks as you move away! The adder barely misses you.
You feel sick.
The black bear attacks as you move away!
The black bear bites you. The black bear barely misses you.
The black bear claws you. The orc attacks as you move away!
The orc completely misses you.
You feel sick. The adder attacks as you move away! The adder barely misses you.
You feel sick.
A scorpion comes into view.
The adder misses you.
You feel sick. The black bear barely misses you. The black bear claws you.
* * * LOW HITPOINT WARNING * * *
The black bear barely misses you. The adder bites you.
* * * LOW HITPOINT WARNING * * *
You are lethally poisoned!
The adder poisons you!
An orc priest comes into view. It is wielding a +0 club.
You closely miss the black bear.
The orc priest shouts!
Your grab misses the black bear.
* * * LOW HITPOINT WARNING * * *
You feel sick. The adder closely misses you. The black bear bites you.
* * * LOW HITPOINT WARNING * * *
The black bear claws you.
You die...

..... #?#......####
...... #.#..##......
#......###
#...#....####
#..[....?# ##.##..##.#
#......#.###).#..###.#
##......#s?......## #.#
........<.........###.#
.
#.....h..###....>.#.##
....##..o##@##
###.##.<.[#
..!.o..oohS.#
######..###
.......(o#### ♣♣......
....###.## ♣♣......§
... #.# ♣∩.⌠..⌠§§ . #.#
♣♣.....§♣ #.# ♣♣....♣.
#.# ##..### ... #....


You could see a black bear, a scorpion, a hound, an orc priest, an orc wizard,
an adder and 2 orcs.

Vanquished Creatures
  A necrophage (D:5)
1 creature vanquished.

Notes
Turn   | Place    | Note
-------+----------+-------------------------------------------
     0 | D:5      | leafyfresh the Octopode Delver began the quest for the Orb.
     0 | D:5      | Reached XP level 1. HP: 16/16 MP: 1/1
    10 | D:5      | Noticed a necrophage
    12 | D:5      | Noticed a scorpion
    12 | D:5      | Noticed a black bear
    26 | D:5      | Killed a necrophage
    27 | D:5      | Reached skill level 7 in Stealth
    27 | D:5      | Reached XP level 2. HP: 21/21 MP: 2/2
    27 | D:5      | Reached XP level 3. HP: 26/26 MP: 3/3
    28 | D:5      | Found Deokleso's Fire Supplies.
    58 | D:5      | Noticed a black bear
    70 | D:5      | Noticed a scorpion
    72 | D:5      | Slain by a black bear

Illustrated notes

Levels and vault maps discovered:
D:5:      layout_rooms, nicolae_shop_fire_sale [nicolae_sub_dead_trees],
          nicolae_shop_firing_range

Skill      XL: |  1 |
---------------+----+-----
Stealth        | 7 |  7.1
Fighting       | |  3.4
Short Blades   | |  2.6
Dodging        | |  2.6

Action                   || total
-------------------------++-------
Melee: Short sword       ||     3
       Constrict         ||     1
       Tentacles         ||     1
 Stab: Sleeping          ||     1
Armor: Skin              ||     1
Dodge: Dodged            ||    10
